Wolfes vs Inferno (R1)

Created - December 28, 2019 at 19:49

Goals
1 2 3 T
Wolfes 4 1 2 7
Inferno 2 2 2 6
Shots
1 2 3 T
Wolfes 10 15 13 38
Inferno 12 7 22 41

1st period

1. Wolfes , Martin Hanzal 10 (Blake Pietila 13) at 3:57
2. Inferno , Ryan Spooner 5 (Colby Robak 9, Christian Folin 9) at 10:30
3. Inferno , Matt Kassian 7 (Philip Varone 11, Colby Robak 10) at 12:13
4. Wolfes , Benn Ferriero 7 (Sean Monahan 23, Klas Dahlbeck 1) at 12:51
5. Wolfes , Sergei Plotnikov 9 (Michael Stone 18, Victor Olofsson 2) at 16:27
6. Wolfes , Alexandre Grenier 9 (Martin Hanzal 14) at 17:27

Penalties :
David Savard (Anc) for Roughing (Minor) at 5:57, Charles-Olivier Roussel (RIM) for Tripping (Minor) at 13:42

2nd period

7. Inferno , Bryan Rust 8 (Esa Lindell 20, Tanner Pearson 13) at 0:15
8. Inferno , Tanner Pearson 14 (Esa Lindell 21, Anders Lee 19) at 10:54 (PP)
9. Wolfes , Zachary Sanford 7 (Jamie Oleksiak 11, Thomas Spelling 5) at 12:23

Penalties :
Michael Stone (RIM) for Holding (Minor) at 4:39, Jacob Lagacé (RIM) for Roughing (Minor) at 7:11, Thomas Spelling (RIM) for Hooking (Minor) at 10:20, Charles-Olivier Roussel (RIM) for Hooking (Minor) at 13:28, Anders Lee (Anc) for Interference (Minor) at 18:09

3rd period

10. Wolfes , Blake Pietila 13 (Martin Hanzal 15, Alexandre Grenier 11) at 1:12 (PP)
11. Inferno , David Savard 1 (Anders Lee 20, Esa Lindell 22) at 4:34 (PP)
12. Inferno , Esa Lindell 10 (Victor Rask 9) at 8:15 (PP)
13. Wolfes , Blake Pietila 14 (Alexandre Grenier 12, Martin Hanzal 16) at 8:30

Penalties :
Esa Lindell (Anc) for High sticking (Minor) at 1:04, Christian Folin (Anc) for Holding (Minor) at 2:18, Sean Monahan (RIM) for Hooking (Minor) at 2:42, Tanner Pearson (Anc) for Roughing (Minor) at 6:02, Charles-Olivier Roussel (RIM) for Holding (Minor) at 7:02, Martin Hanzal (RIM) for Roughing (Minor) at 9:52, Matthew Nieto (Anc) for Slashing (Minor) at 15:22

Goalie Stats

Laurent Brossoit (RIM), 35 saves from 41 shots - (0.854), W, 10-7-2, 60:00 minutes
Christopher Gibson (Anc), 6 saves from 10 shots - (0.600), 17:27 minutes
Michael Hutchinson (Anc), 25 saves from 28 shots - (0.893), L, 4-6-1, 42:07 minutes

Players Stats for Wolfes

Player Name              G  A  P  +/- PIM S  H  SB GA TA FO     MP     PP MP  PK MP  
------------------------------------------------------------------------------------
Alexandre Grenier        1  2  3   2  0   2  2  0  2  0  1/1    22:28   4:49   2:52 
Angelo Esposito          0  0  0   0  0   0  0  0  0  0  0/0     1:26   0:00   0:03 
Anton Lindholm           0  0  0   1  0   1  0  0  0  0  0/0    10:38   0:00   2:17 
Barclay Goodrow          0  0  0  -1  0   0  0  1  0  0  0/0     4:35   0:00   0:00 
Benn Ferriero            1  0  1   0  0   4  1  0  0  1  0/0    12:13   2:40   0:00 
Blake Pietila            2  1  3   2  0   5  5  0  1  1  0/1    22:28   4:49   2:52 
Charles-Olivier Roussel  0  0  0   2  6   0  1  1  0  0  0/0    18:55   3:42   3:10 
Jacob Lagacé             0  0  0  -1  2   0  0  0  0  0  0/0     4:55   0:00   0:00 
Jamie Oleksiak           0  1  1   1  0   4  4  4  0  0  0/0    27:47   3:46   5:42 
Jyrki Jokipakka          0  0  0   0  0   0  0  0  0  0  0/0     4:34   0:00   1:06 
Klas Dahlbeck            0  1  1   1  0   0  2  4  0  1  0/0    20:18   3:43   5:04 
Kyle Rau                 0  0  0   1  0   1  0  0  0  0  2/4     8:27   0:00   0:00 
Martin Hanzal            1  3  4   2  2   10 3  0  2  1  18/36  25:55   4:49   4:30 
Matt Grzelcyk            0  0  0   1  0   0  0  0  0  0  0/0     8:44   0:00   0:12 
Michael Stone            0  1  1   1  2   1  3  4  1  1  0/0    29:56   3:46   4:29 
Nicolas Deschamps        0  0  0   0  0   0  0  0  0  0  0/1     1:12   0:00   0:17 
Pavel Kraskovsky         0  0  0   0  0   0  0  0  0  0  0/0     0:00   0:00   0:00 
Scott Timmins            0  0  0  -1  0   1  0  0  0  0  2/3     6:18   0:00   0:58 
Sean Monahan             0  1  1   0  2   2  2  0  0  1  11/27  18:57   2:39   5:38 
Sergei Plotnikov         1  0  1   1  0   1  0  1  0  0  0/0    15:05   2:40   1:50 
Thomas Spelling          0  1  1   1  2   1  0  0  1  1  0/1     8:26   0:00   0:00 
Victor Olofsson          0  1  1   1  0   0  0  0  0  0  0/2     4:34   0:00   3:00 
Zachary Sanford          1  0  1   1  0   5  0  0  1  0  0/0     8:27   0:00   0:00 

Players Stats for Inferno

Player Name              G  A  P  +/- PIM S  H  SB GA TA FO     MP     PP MP  PK MP  
------------------------------------------------------------------------------------
Anders Lee               0  2  2  -2  2   7  1  1  1  0  19/38  24:45   5:28   1:45 
Bryan Rust               1  0  1  -3  0   3  0  0  0  1  2/2    22:51   0:17   4:41 
Christian Folin          0  1  1  -1  2   3  1  3  0  1  0/0    24:36   4:55   4:15 
Colby Robak              0  2  2  -1  0   2  0  2  1  0  0/0    24:42   4:38   4:39 
David Savard             1  0  1  -1  2   3  4  2  1  2  0/0    26:54   6:22   2:33 
Esa Lindell              1  3  4  -1  2   4  0  4  1  0  0/0    25:37   6:22   0:41 
Greg Pateryn             0  0  0  -1  0   0  1  1  0  1  0/0     8:04   0:00   0:00 
Kevin Labanc             0  0  0   0  0   1  2  0  0  0  1/1    14:43   4:29   0:00 
Mathieu Brodeur          0  0  0  -1  0   0  1  0  0  1  0/0    10:21   0:00   2:50 
Matt Kassian             1  0  1  -1  0   3  1  0  0  0  0/1    11:53   0:06   0:49 
Matthew Nieto            0  0  0  -1  2   0  1  0  1  1  0/0    13:10   5:02   1:16 
Oliver Bjorkstrand       0  0  0  -1  0   0  1  1  0  0  0/0    12:11   5:32   0:00 
Peter Cehlarik           0  0  0   1  0   0  0  0  1  0  0/0     6:16   0:00   0:00 
Philip Varone            0  1  1  -1  0   4  3  1  1  0  16/23  16:21   0:30   4:41 
Ryan Spooner             1  0  1   1  0   3  0  0  0  0  1/4     6:32   0:00   0:16 
Tanner Pearson           1  1  2  -2  2   8  0  0  0  1  0/4    21:43   5:41   0:43 
Tyler Shattock           0  0  0   1  0   0  2  0  0  0  0/0     6:52   0:36   0:00 
Victor Rask              0  1  1  -1  0   0  1  0  0  0  3/3    12:20   5:02   0:47 

3 Stars

1 - Blake Pietila (RIM)
2 - Martin Hanzal (RIM)
3 - Alexandre Grenier (RIM)

Power Play

Wolfes - 1 on 6 Attempt(s) - 16.67%
Inferno - 3 on 8 Attempt(s) - 37.50%

Penalty Kill

Wolfes - 5 on 8 Attempt(s) - 62.50% - Score 0 goal in Penalty Kill
Inferno - 5 on 6 Attempt(s) - 83.33% - Score 0 goal in Penalty Kill

Team Stat

Wolfes - Hits : 23 - Faceoff Wins : 34 - Blocked Shots : 15 - Penalty Minutes : 16
Inferno - Hits : 19 - Faceoff Wins : 42 - Blocked Shots : 15 - Penalty Minutes : 12

Official

Referees : Unknown
Linesman : Unknown

Game Notes

16:27 of 1st period - Wolfes goal is going for a video replay. After video review, Goal.
Michael Hutchinson enters game at 17:27 of 1st period

Finance

Level 1 -- Attendance: 1510 (75.50%) -- Ticket Income $60,400
Level 2 -- Attendance: 757 (75.70%) -- Ticket Income $15,140
Total Attendance: 2267 (75.57%)
Total Ticket Income: $75,540
Other Income: $3,777
Total Income: $79,317

Wolfes

5 vs 5 Forward 
   Center                   Left Wing                Right Wing               Time % Phy DF OF 
 1 Martin Hanzal            Blake Pietila            Alexandre Grenier        40     1   2  2  
 2 Sean Monahan             Sergei Plotnikov         Benn Ferriero            30     1   2  2  
 3 Kyle Rau                 Zachary Sanford          Thomas Spelling          20     1   2  2  
 4 Scott Timmins            Jacob Lagacé             Barclay Goodrow          10     1   2  2  

5 vs 5 Defense 
   Defense                  Defense                                           Time % Phy DF OF 
 1 Michael Stone            Jamie Oleksiak                                    40     1   2  2  
 2 Charles-Olivier Roussel  Klas Dahlbeck                                     30     1   2  2  
 3 Matt Grzelcyk            Anton Lindholm                                    20     1   2  2  
 4 Jyrki Jokipakka          Michael Stone                                     10     1   2  2  

PowerPlay Forward 
   Center                   Left Wing                Right Wing               Time % Phy DF OF 
 1 Martin Hanzal            Blake Pietila            Alexandre Grenier        60     1   2  2  
 2 Sean Monahan             Sergei Plotnikov         Benn Ferriero            40     1   2  2  

PowerPlay Defense
   Defense                  Defense                                           Time % Phy DF OF 
 1 Michael Stone            Jamie Oleksiak                                    60     1   2  2  
 2 Charles-Olivier Roussel  Klas Dahlbeck                                     40     1   2  2  

Penalty Kill 4 Players Forward 
   Center                   Wing                     Time % Phy DF OF 
 1 Martin Hanzal            Sean Monahan             60     1   2  2  
 2 Alexandre Grenier        Blake Pietila            40     1   2  2  

Penalty Kill 4 Players Defense
   Defense                  Defense                  Time % Phy DF OF 
 1 Michael Stone            Jamie Oleksiak           60     1   2  2  
 2 Charles-Olivier Roussel  Klas Dahlbeck            40     1   2  2  

Penalty Kill - 3 Players Forward 
   Forward                                           Time % Phy DF OF 
 1 Martin Hanzal                                     60     1   2  2  
 2 Sean Monahan                                      40     1   2  2  

Penalty Kill - 3 Players Defense
   Defense                  Defense                  Time % Phy DF OF 
 1 Michael Stone            Jamie Oleksiak           60     1   2  2  
 2 Charles-Olivier Roussel  Klas Dahlbeck            40     1   2  2  

4 vs 4 Forward 
   Center                   Wing                     Time % Phy DF OF 
 1 Martin Hanzal            Sean Monahan             60     1   2  2  
 2 Alexandre Grenier        Blake Pietila            40     1   2  2  

4 vs 4 Defense
   Defense                  Defense                  Time % Phy DF OF 
 1 Michael Stone            Jamie Oleksiak           60     1   2  2  
 2 Charles-Olivier Roussel  Klas Dahlbeck            40     1   2  2  

Last Minutes Offensive
   Center                   Left Wing                Right Wing               Defense                  Defense                  
   Martin Hanzal            Blake Pietila            Alexandre Grenier        Michael Stone            Jamie Oleksiak           

Last Minutes Defensive
   Center                   Left Wing                Right Wing               Defense                  Defense                  
   Martin Hanzal            Blake Pietila            Alexandre Grenier        Michael Stone            Jamie Oleksiak           

Goaltenders
Starting : Laurent Brossoit         
Backup : Jeremy Smith             

Extra Forwards
Normal : Angelo Esposito, Nicolas Deschamps, Victor Olofsson - PP : Angelo Esposito, Nicolas Deschamps - PK : Victor Olofsson
Extra Defensemen
Normal : Matt Grzelcyk, Anton Lindholm, Jyrki Jokipakka - PP : Matt Grzelcyk - PK : Anton Lindholm, Jyrki Jokipakka
Penalty Shots
Martin Hanzal, Sean Monahan, Alexandre Grenier, Blake Pietila, Sergei Plotnikov

Scratches
Christophe Lalancette (Healthy), Joe Morrow (Broken Bone (Right Arm) Injury), Remi Elie (Healthy), Louis Belpedio (Healthy), Cameron Darcy (Healthy)
Joonas Lyytinen (Separated Right Shoulder Injury), Fredrik Olofsson (Healthy), Nolan Vesey (Healthy), Vaclav Karabacek (Healthy), Kyle Pettit (Healthy)
Dylan Sadowy (Healthy), Jeffrey Foss (Separated Right Shoulder Injury), Anton Karlsson (Healthy), Ebbe Siönäs (Healthy), Sami Aittokallio (Healthy)
Kaapo Kahkonen (Healthy)

Inferno

5 vs 5 Forward 
   Center                   Left Wing                Right Wing               Time % Phy DF OF 
 1 Anders Lee               Tanner Pearson           Bryan Rust               40     1   2  2  
 2 Philip Varone            Matt Kassian             Kevin Labanc             30     1   2  2  
 3 Victor Rask              Matthew Nieto            Oliver Bjorkstrand       20     1   2  2  
 4 Ryan Spooner             Peter Cehlarik           Tyler Shattock           10     1   2  2  

5 vs 5 Defense 
   Defense                  Defense                                           Time % Phy DF OF 
 1 Esa Lindell              David Savard                                      40     1   2  2  
 2 Colby Robak              Christian Folin                                   30     1   2  2  
 3 Greg Pateryn             Mathieu Brodeur                                   20     1   2  2  
 4 Colby Robak              Christian Folin                                   10     1   2  2  

PowerPlay Forward 
   Center                   Left Wing                Right Wing               Time % Phy DF OF 
 1 Anders Lee               Tanner Pearson           Oliver Bjorkstrand       60     1   2  2  
 2 Victor Rask              Matthew Nieto            Kevin Labanc             40     1   2  2  

PowerPlay Defense
   Defense                  Defense                                           Time % Phy DF OF 
 1 Esa Lindell              David Savard                                      60     1   2  2  
 2 Colby Robak              Christian Folin                                   40     1   2  2  

Penalty Kill 4 Players Forward 
   Center                   Wing                     Time % Phy DF OF 
 1 Philip Varone            Bryan Rust               60     1   2  2  
 2 Philip Varone            Matt Kassian             40     1   2  2  

Penalty Kill 4 Players Defense
   Defense                  Defense                  Time % Phy DF OF 
 1 Colby Robak              Christian Folin          60     1   2  2  
 2 Mathieu Brodeur          David Savard             40     1   2  2  

Penalty Kill - 3 Players Forward 
   Forward                                           Time % Phy DF OF 
 1 Bryan Rust                                        60     1   2  2  
 2 Matt Kassian                                      40     1   2  2  

Penalty Kill - 3 Players Defense
   Defense                  Defense                  Time % Phy DF OF 
 1 Colby Robak              Christian Folin          60     1   2  2  
 2 Mathieu Brodeur          David Savard             40     1   2  2  

4 vs 4 Forward 
   Center                   Wing                     Time % Phy DF OF 
 1 Anders Lee               Bryan Rust               60     1   2  2  
 2 Philip Varone            Matt Kassian             40     1   2  2  

4 vs 4 Defense
   Defense                  Defense                  Time % Phy DF OF 
 1 Esa Lindell              David Savard             60     1   2  2  
 2 Colby Robak              Christian Folin          40     1   2  2  

Last Minutes Offensive
   Center                   Left Wing                Right Wing               Defense                  Defense                  
   Anders Lee               Tanner Pearson           Bryan Rust               Esa Lindell              Christian Folin          

Last Minutes Defensive
   Center                   Left Wing                Right Wing               Defense                  Defense                  
   Anders Lee               Tanner Pearson           Bryan Rust               Colby Robak              David Savard             

Goaltenders
Starting : Christopher Gibson       
Backup : Michael Hutchinson       

Extra Forwards
Normal : Bryan Rust, Matthew Nieto, Oliver Bjorkstrand - PP : Matthew Nieto, Oliver Bjorkstrand - PK : Bryan Rust
Extra Defensemen
Normal : David Savard, Greg Pateryn, Mathieu Brodeur - PP : Esa Lindell - PK : David Savard, Mathieu Brodeur
Penalty Shots
Anders Lee, Tanner Pearson, Oliver Bjorkstrand, Victor Rask, Bryan Rust

Scratches
Chris Brown (Healthy), Frank Corrado (Bruised Right Foot Injury), Trevor Carrick (Healthy), Petteri Lindbohm (Healthy), Eric Karlsson (Healthy)
John Gilmour (Healthy), Vladimir Zharkov (Healthy), Ryan Donato (Healthy), Vladislav Kamenev (Healthy), Dominik Masin (Healthy)
Brandon Hickey (Healthy), Nathan Lieuwen (Healthy), Vitek Vanecek (Healthy)

% Time on Ice - Wolfes

Lines # - Real PCT - Wanted PCT - Time Play
Normal Forward
1 - 40% - 40% - 15:09
2 - 25% - 30% - 9:33
3 - 22% - 20% - 8:27
4 - 12% - 10% - 4:35
Normal Defense
1 - 42% - 40% - 15:50
2 - 29% - 30% - 10:51
3 - 22% - 20% - 8:21
4 - 7% - 10% - 2:42
PP Forward
1 - 64% - 60% - 4:49
2 - 36% - 40% - 2:40
PP Defense
1 - 50% - 60% - 3:46
2 - 50% - 40% - 3:43
PK Forward
1 - 74% - 60% - 8:08
2 - 26% - 40% - 2:52
PK Defense
1 - 54% - 60% - 5:56
2 - 46% - 40% - 5:04
PK3 Forward
1 - 0% - 60%
2 - 0% - 40%
PK3 Defense
1 - 0% - 60%
2 - 0% - 40%
44 Forward
1 - 87% - 60% - 2:14
2 - 13% - 40% - 0:20
44 Defense
1 - 74% - 60% - 1:54
2 - 26% - 40% - 0:40
Last Minute Offensive  - 0:00
Last Minute Defensive  - 1:13
Total
Forward - 60:00
Defense - 60:00

% Time on Ice - Inferno

Lines # - Real PCT - Wanted PCT - Time Play
Normal Forward
1 - 39% - 40% - 14:57
2 - 28% - 30% - 10:43
3 - 17% - 20% - 6:26
4 - 16% - 10% - 6:16
Normal Defense
1 - 45% - 40% - 17:17
2 - 32% - 30% - 12:07
3 - 20% - 20% - 7:31
4 - 4% - 10% - 1:27
PP Forward
1 - 53% - 60% - 5:52
2 - 47% - 40% - 5:08
PP Defense
1 - 58% - 60% - 6:22
2 - 42% - 40% - 4:38
PK Forward
1 - 89% - 60% - 6:40
2 - 11% - 40% - 0:49
PK Defense
1 - 62% - 60% - 4:39
2 - 38% - 40% - 2:50
PK3 Forward
1 - 0% - 60%
2 - 0% - 40%
PK3 Defense
1 - 0% - 60%
2 - 0% - 40%
44 Forward
1 - 87% - 60% - 2:14
2 - 13% - 40% - 0:20
44 Defense
1 - 64% - 60% - 1:38
2 - 36% - 40% - 0:56
Last Minute Offensive  - 0:35
Last Minute Defensive  - 0:00
Total
Forward - 60:00
Defense - 60:00

Play-by-Play

1st period


0:01 of 1st period - Anders Lee wins face-off versus Martin Hanzal in neutral zone.
0:08 of 1st period - Michael Stone is hit by David Savard and loses puck.
0:17 of 1st period - David Savard is hit by Jamie Oleksiak and loses puck.
1:11 of 1st period - Off-side.
1:12 of 1st period - Ryan Spooner wins face-off versus Scott Timmins in neutral zone.
1:29 of 1st period - Scott Timmins is hit by Greg Pateryn and loses puck.
2:02 of 1st period - Wrist shot by Sean Monahan.
2:02 of 1st period - Shot Blocked by Colby Robak.
3:37 of 1st period - Wrist shot by Philip Varone.
3:37 of 1st period - Stopped by Laurent Brossoit with a rebound.
3:57 of 1st period - Slapshot by Martin Hanzal.
3:57 of 1st period - Goal by Martin Hanzal - Wolfes : 1 - Inferno : 0.
3:58 of 1st period - Anders Lee wins face-off versus Martin Hanzal in neutral zone.
4:03 of 1st period - Wrist shot by Bryan Rust.
4:03 of 1st period - Stopped by Laurent Brossoit without a rebound.
4:04 of 1st period - Martin Hanzal wins face-off versus Tanner Pearson in Wolfes zone.
4:16 of 1st period - Alexandre Grenier is hit by Christian Folin and loses puck.
4:35 of 1st period - Snap shot by Benn Ferriero.
4:35 of 1st period - Stopped by Christopher Gibson without a rebound.
4:36 of 1st period - Philip Varone wins face-off versus Sean Monahan in Inferno zone.
4:45 of 1st period - Slapshot by Kevin Labanc.
4:45 of 1st period - Shot Misses the Net.
5:32 of 1st period - Snap shot by Alexandre Grenier.
5:32 of 1st period - Shot Misses the Net.
5:54 of 1st period - Slapshot by Scott Timmins.
5:54 of 1st period - Stopped by Christopher Gibson without a rebound.
5:55 of 1st period - Anders Lee wins face-off versus Sean Monahan in Inferno zone.
5:57 of 1st period - Minor Penalty to David Savard for Roughing.
5:58 of 1st period - Martin Hanzal wins face-off versus Philip Varone in Inferno zone.
6:02 of 1st period - Snap shot by Alexandre Grenier.
6:02 of 1st period - Shot Misses the Net.
6:04 of 1st period - Snap shot by Martin Hanzal.
6:04 of 1st period - Shot Misses the Net.
6:06 of 1st period - Snap shot by Blake Pietila.
6:06 of 1st period - Deflect By Alexandre Grenier.
6:06 of 1st period - Shot Misses the Net.
6:06 of 1st period - Puck is out of play.
6:07 of 1st period - Philip Varone wins face-off versus Martin Hanzal in Inferno zone.
6:07 of 1st period - Philip Varone is hit by Michael Stone.
6:54 of 1st period - Wrist shot by Martin Hanzal.
6:54 of 1st period - Shot Hit the Post.
7:04 of 1st period - Snap shot by Blake Pietila.
7:04 of 1st period - Shot Misses the Net.
7:06 of 1st period - Snap shot by Blake Pietila.
7:06 of 1st period - Shot Misses the Net.
7:08 of 1st period - Wrist shot by Martin Hanzal.
7:08 of 1st period - Stopped by Christopher Gibson without a rebound.
7:09 of 1st period - Anders Lee wins face-off versus Sean Monahan in Inferno zone.
7:57 of 1st period - Penalty to David Savard is over, David Savard is back on ice.
8:31 of 1st period - Thomas Spelling is hit by Matthew Nieto and loses puck.
9:19 of 1st period - Slapshot by Colby Robak.
9:19 of 1st period - Deflect By Ryan Spooner.
9:19 of 1st period - Stopped by Laurent Brossoit with a rebound.
9:23 of 1st period - Snap shot by Ryan Spooner.
9:23 of 1st period - Stopped by Laurent Brossoit without a rebound.
9:24 of 1st period - Scott Timmins wins face-off versus Ryan Spooner in Wolfes zone.
9:29 of 1st period - Snap shot by Scott Timmins.
9:29 of 1st period - Shot Blocked by Christian Folin.
10:00 of 1st period - Snap shot by Ryan Spooner.
10:00 of 1st period - Shot Blocked by Barclay Goodrow.
10:02 of 1st period - Backhand shot by Ryan Spooner.
10:02 of 1st period - Shot Misses the Net.
10:04 of 1st period - Slapshot by Christian Folin.
10:04 of 1st period - Stopped by Laurent Brossoit with a rebound.
10:06 of 1st period - Wrist shot by Christian Folin.
10:06 of 1st period - Shot Misses the Net.
10:30 of 1st period - Slapshot by Ryan Spooner.
10:30 of 1st period - Goal by Ryan Spooner - Wolfes : 1 - Inferno : 1.
10:31 of 1st period - Martin Hanzal wins face-off versus Anders Lee in neutral zone.
10:34 of 1st period - David Savard is hit by Blake Pietila and loses puck.
11:06 of 1st period - Snap shot by Martin Hanzal.
11:06 of 1st period - Stopped by Christopher Gibson without a rebound.
11:07 of 1st period - Sean Monahan wins face-off versus Anders Lee in Inferno zone.
11:17 of 1st period - Icing by Christian Folin.
11:18 of 1st period - Sean Monahan wins face-off versus Anders Lee in Inferno zone.
12:09 of 1st period - Snap shot by Matt Kassian.
12:09 of 1st period - Shot Misses the Net.
12:11 of 1st period - Snap shot by Matt Kassian.
12:11 of 1st period - Shot Misses the Net.
12:13 of 1st period - Snap shot by Philip Varone.
12:13 of 1st period - Deflect By Matt Kassian.
12:13 of 1st period - Goal by Matt Kassian - Wolfes : 1 - Inferno : 2.
12:14 of 1st period - Martin Hanzal wins face-off versus Philip Varone in neutral zone.
12:16 of 1st period - Off-side.
12:17 of 1st period - Kevin Labanc wins face-off versus Martin Hanzal in neutral zone.
12:43 of 1st period - Snap shot by Anders Lee.
12:43 of 1st period - Deflect By Bryan Rust.
12:43 of 1st period - Shot Blocked by Sergei Plotnikov.
12:43 of 1st period - Puck is out of play.
12:44 of 1st period - Anders Lee wins face-off versus Sean Monahan in Wolfes zone.
12:45 of 1st period - Snap shot by Tanner Pearson.
12:45 of 1st period - Deflect By Bryan Rust.
12:45 of 1st period - Stopped by Laurent Brossoit with a rebound.
12:51 of 1st period - Wrist shot by Benn Ferriero.
12:51 of 1st period - Goal by Benn Ferriero - Wolfes : 2 - Inferno : 2.
12:52 of 1st period - Alexandre Grenier wins face-off versus Anders Lee in neutral zone.
13:20 of 1st period - Slapshot by Sean Monahan.
13:20 of 1st period - Stopped by Christopher Gibson without a rebound.
13:21 of 1st period - Philip Varone wins face-off versus Sean Monahan in Inferno zone.
13:21 of 1st period - Philip Varone is hit by Klas Dahlbeck.
13:42 of 1st period - Minor Penalty to Charles-Olivier Roussel for Tripping.
13:43 of 1st period - Martin Hanzal wins face-off versus Anders Lee in Wolfes zone.
13:51 of 1st period - Snap shot by Anders Lee.
13:51 of 1st period - Shot Blocked by Michael Stone.
14:53 of 1st period - Anton Lindholm is hit by Kevin Labanc and loses puck.
15:06 of 1st period - Matthew Nieto is hit by Alexandre Grenier and loses puck.
15:42 of 1st period - Penalty to Charles-Olivier Roussel is over, Charles-Olivier Roussel is back on ice.
15:55 of 1st period - Sergei Plotnikov is hit by David Savard.
16:23 of 1st period - Slapshot by Sergei Plotnikov.
16:23 of 1st period - Shot Misses the Net.
16:25 of 1st period - Wrist shot by Michael Stone.
16:25 of 1st period - Shot Misses the Net.
16:27 of 1st period - Backhand shot by Sergei Plotnikov.
16:27 of 1st period - Wolfes goal is going for a video replay.
16:27 of 1st period - The goal is good.
16:27 of 1st period - Goal by Sergei Plotnikov - Wolfes : 3 - Inferno : 2.
16:28 of 1st period - Anders Lee wins face-off versus Martin Hanzal in neutral zone.
16:36 of 1st period - Backhand shot by Tanner Pearson.
16:36 of 1st period - Shot Misses the Net.
16:38 of 1st period - Backhand shot by Christian Folin.
16:38 of 1st period - Shot Misses the Net.
17:23 of 1st period - Snap shot by Martin Hanzal.
17:23 of 1st period - Stopped by Christopher Gibson with a rebound.
17:25 of 1st period - Slapshot by Martin Hanzal.
17:25 of 1st period - Shot Blocked by Philip Varone.
17:27 of 1st period - Slapshot by Alexandre Grenier.
17:27 of 1st period - Goal by Alexandre Grenier - Wolfes : 4 - Inferno : 2.
17:27 of 1st period - Michael Hutchinson enters game.
17:28 of 1st period - Sean Monahan wins face-off versus Anders Lee in neutral zone.
17:39 of 1st period - Wrist shot by Tanner Pearson.
17:39 of 1st period - Deflect By Anders Lee.
17:39 of 1st period - Shot Misses the Net.
17:39 of 1st period - Puck is out of play.
17:40 of 1st period - Anders Lee wins face-off versus Sean Monahan in Wolfes zone.
17:43 of 1st period - Backhand shot by Tanner Pearson.
17:43 of 1st period - Stopped by Laurent Brossoit with a rebound.
17:48 of 1st period - Michael Stone is hit by David Savard and loses puck.
17:54 of 1st period - Icing by Esa Lindell.
17:55 of 1st period - Anders Lee wins face-off versus Kyle Rau in Inferno zone.
18:06 of 1st period - Wrist shot by Tanner Pearson.
18:06 of 1st period - Shot Misses the Net.
18:08 of 1st period - Snap shot by Bryan Rust.
18:08 of 1st period - Shot Misses the Net.
18:18 of 1st period - Snap shot by Bryan Rust.
18:18 of 1st period - Deflect By Anders Lee.
18:18 of 1st period - Shot Blocked by Jamie Oleksiak.
18:18 of 1st period - Puck is out of play.
18:19 of 1st period - Sean Monahan wins face-off versus Philip Varone in Wolfes zone.
18:30 of 1st period - Kevin Labanc is hit by Sean Monahan and loses puck.
19:15 of 1st period - Esa Lindell is hit by Blake Pietila and loses puck.
19:24 of 1st period - Charles-Olivier Roussel is hit by Tyler Shattock and loses puck.
19:45 of 1st period - Snap shot by Bryan Rust.
19:45 of 1st period - Deflect By Tanner Pearson.
19:45 of 1st period - Deflect By Blake Pietila.
19:45 of 1st period - Stopped by Laurent Brossoit without a rebound.
19:46 of 1st period - Philip Varone wins face-off versus Sean Monahan in Wolfes zone.
19:47 of 1st period - Wrist shot by Christian Folin.
19:47 of 1st period - Shot Blocked by Michael Stone.
19:49 of 1st period - Wrist shot by Colby Robak.
19:49 of 1st period - Deflect By Sean Monahan.
19:49 of 1st period - Stopped by Laurent Brossoit with a rebound.
19:51 of 1st period - Backhand shot by Matt Kassian.
19:51 of 1st period - Stopped by Laurent Brossoit without a rebound.
19:52 of 1st period - Sean Monahan wins face-off versus Matt Kassian in Wolfes zone.
19:59 of 1st period - Slapshot by Michael Stone.
19:59 of 1st period - Shot Misses the Net.
Goals for this period are 4 for Wolfes vs 2 for Inferno.
Shots for this period are 10 for Wolfes vs 12 for Inferno.

2nd period


0:01 of 2nd period - Sean Monahan wins face-off versus Anders Lee in neutral zone.
0:04 of 2nd period - Snap shot by Michael Stone.
0:04 of 2nd period - Shot Misses the Net.
0:09 of 2nd period - Esa Lindell is hit by Michael Stone.
0:15 of 2nd period - Snap shot by Bryan Rust.
0:15 of 2nd period - Goal by Bryan Rust - Wolfes : 4 - Inferno : 3.
0:16 of 2nd period - Anders Lee wins face-off versus Sean Monahan in neutral zone.
0:24 of 2nd period - Sergei Plotnikov is hit by Anders Lee and loses puck.
0:29 of 2nd period - Slapshot by Anders Lee.
0:29 of 2nd period - Stopped by Laurent Brossoit with a rebound.
0:31 of 2nd period - Snap shot by David Savard.
0:31 of 2nd period - Shot Misses the Net.
0:51 of 2nd period - Slapshot by Zachary Sanford.
0:51 of 2nd period - Stopped by Michael Hutchinson with a rebound.
0:53 of 2nd period - Snap shot by Zachary Sanford.
0:53 of 2nd period - Shot Misses the Net.
1:29 of 2nd period - Off-side.
1:30 of 2nd period - Anders Lee wins face-off versus Sean Monahan in neutral zone.
1:33 of 2nd period - Snap shot by Anders Lee.
1:33 of 2nd period - Stopped by Laurent Brossoit without a rebound.
1:34 of 2nd period - Sean Monahan wins face-off versus Anders Lee in Wolfes zone.
2:10 of 2nd period - Wrist shot by Zachary Sanford.
2:10 of 2nd period - Stopped by Michael Hutchinson without a rebound.
2:11 of 2nd period - Martin Hanzal wins face-off versus Tanner Pearson in Inferno zone.
2:14 of 2nd period - Backhand shot by Alexandre Grenier.
2:14 of 2nd period - Shot Blocked by Esa Lindell.
2:16 of 2nd period - Wrist shot by Alexandre Grenier.
2:16 of 2nd period - Shot Misses the Net.
2:18 of 2nd period - Slapshot by Martin Hanzal.
2:18 of 2nd period - Stopped by Michael Hutchinson with a rebound.
2:20 of 2nd period - Snap shot by Alexandre Grenier.
2:20 of 2nd period - Stopped by Michael Hutchinson without a rebound.
2:21 of 2nd period - Martin Hanzal wins face-off versus Anders Lee in Inferno zone.
2:56 of 2nd period - Wrist shot by Martin Hanzal.
2:56 of 2nd period - Stopped by Michael Hutchinson with a rebound.
3:06 of 2nd period - David Savard is hit by Blake Pietila and loses puck.
3:27 of 2nd period - Slapshot by Blake Pietila.
3:27 of 2nd period - Shot Misses the Net.
3:41 of 2nd period - Snap shot by Martin Hanzal.
3:41 of 2nd period - Stopped by Michael Hutchinson without a rebound.
3:42 of 2nd period - Philip Varone wins face-off versus Sean Monahan in Inferno zone.
3:46 of 2nd period - Off-side.
3:47 of 2nd period - Philip Varone wins face-off versus Sean Monahan in neutral zone.
3:49 of 2nd period - Off-side.
3:50 of 2nd period - Philip Varone wins face-off versus Sean Monahan in neutral zone.
4:00 of 2nd period - Off-side.
4:01 of 2nd period - Victor Rask wins face-off versus Kyle Rau in neutral zone.
4:30 of 2nd period - Slapshot by Michael Stone.
4:30 of 2nd period - Shot Misses the Net.
4:39 of 2nd period - Minor Penalty to Michael Stone for Holding.
4:40 of 2nd period - Martin Hanzal wins face-off versus Anders Lee in Wolfes zone.
5:06 of 2nd period - Jamie Oleksiak is hit by David Savard and loses puck.
5:15 of 2nd period - Backhand shot by Matthew Nieto.
5:15 of 2nd period - Deflect By Kevin Labanc.
5:15 of 2nd period - Stopped by Laurent Brossoit with a rebound.
6:22 of 2nd period - Oliver Bjorkstrand is hit by Blake Pietila and loses puck.
6:27 of 2nd period - Snap shot by Alexandre Grenier.
6:27 of 2nd period - Shot Misses the Net.
6:29 of 2nd period - Slapshot by Blake Pietila.
6:29 of 2nd period - Stopped by Michael Hutchinson with a rebound.
6:39 of 2nd period - Penalty to Michael Stone is over, Michael Stone is back on ice.
7:11 of 2nd period - Minor Penalty to Jacob Lagacé for Roughing.
7:12 of 2nd period - Martin Hanzal wins face-off versus Anders Lee in Wolfes zone.
9:11 of 2nd period - Penalty to Jacob Lagacé is over, Jacob Lagacé is back on ice.
9:35 of 2nd period - Snap shot by Zachary Sanford.
9:35 of 2nd period - Stopped by Michael Hutchinson without a rebound.
9:36 of 2nd period - Philip Varone wins face-off versus Thomas Spelling in Inferno zone.
10:01 of 2nd period - Greg Pateryn is hit by Jamie Oleksiak and loses puck.
10:20 of 2nd period - Minor Penalty to Thomas Spelling for Hooking.
10:21 of 2nd period - Victor Rask wins face-off versus Martin Hanzal in Wolfes zone.
10:22 of 2nd period - Snap shot by Esa Lindell.
10:22 of 2nd period - Stopped by Laurent Brossoit with a rebound.
10:24 of 2nd period - Slapshot by David Savard.
10:24 of 2nd period - Stopped by Laurent Brossoit with a rebound.
10:54 of 2nd period - Snap shot by Tanner Pearson.
10:54 of 2nd period - Goal by Tanner Pearson - Wolfes : 4 - Inferno : 4.
10:55 of 2nd period - Sean Monahan wins face-off versus Anders Lee in neutral zone.
11:12 of 2nd period - Slapshot by Christian Folin.
11:12 of 2nd period - Shot Misses the Net.
12:01 of 2nd period - Wrist shot by Bryan Rust.
12:01 of 2nd period - Shot Misses the Net.
12:13 of 2nd period - Wrist shot by Thomas Spelling.
12:13 of 2nd period - Stopped by Michael Hutchinson with a rebound.
12:15 of 2nd period - Slapshot by Jamie Oleksiak.
12:15 of 2nd period - Stopped by Michael Hutchinson with a rebound.
12:17 of 2nd period - Wrist shot by Zachary Sanford.
12:17 of 2nd period - Shot Misses the Net.
12:19 of 2nd period - Snap shot by Zachary Sanford.
12:19 of 2nd period - Shot Misses the Net.
12:21 of 2nd period - Wrist shot by Zachary Sanford.
12:21 of 2nd period - Shot Blocked by Colby Robak.
12:23 of 2nd period - Wrist shot by Zachary Sanford.
12:23 of 2nd period - Goal by Zachary Sanford - Wolfes : 5 - Inferno : 4.
12:24 of 2nd period - Philip Varone wins face-off versus Sean Monahan in neutral zone.
12:28 of 2nd period - Esa Lindell is hit by Klas Dahlbeck and loses puck.
12:58 of 2nd period - Scott Timmins is hit by Kevin Labanc and loses puck.
13:07 of 2nd period - Snap shot by Philip Varone.
13:07 of 2nd period - Shot Blocked by Klas Dahlbeck.
13:09 of 2nd period - Slapshot by Mathieu Brodeur.
13:09 of 2nd period - Shot Blocked by Klas Dahlbeck.
13:15 of 2nd period - Snap shot by Kevin Labanc.
13:15 of 2nd period - Shot Misses the Net.
13:28 of 2nd period - Minor Penalty to Charles-Olivier Roussel for Hooking.
13:29 of 2nd period - Anders Lee wins face-off versus Martin Hanzal in Wolfes zone.
15:13 of 2nd period - Michael Stone is hit by Tyler Shattock and loses puck.
15:28 of 2nd period - Penalty to Charles-Olivier Roussel is over, Charles-Olivier Roussel is back on ice.
15:42 of 2nd period - Slapshot by Zachary Sanford.
15:42 of 2nd period - Shot Misses the Net.
15:44 of 2nd period - Slapshot by Anton Lindholm.
15:44 of 2nd period - Stopped by Michael Hutchinson without a rebound.
15:45 of 2nd period - Kyle Rau wins face-off versus Ryan Spooner in Inferno zone.
15:58 of 2nd period - Wrist shot by Zachary Sanford.
15:58 of 2nd period - Stopped by Michael Hutchinson without a rebound.
15:59 of 2nd period - Martin Hanzal wins face-off versus Anders Lee in Inferno zone.
16:06 of 2nd period - Slapshot by Martin Hanzal.
16:06 of 2nd period - Shot Blocked by David Savard.
16:26 of 2nd period - Oliver Bjorkstrand is hit by Sean Monahan and loses puck.
16:31 of 2nd period - Snap shot by Sean Monahan.
16:31 of 2nd period - Shot Blocked by Esa Lindell.
16:49 of 2nd period - Backhand shot by Kyle Rau.
16:49 of 2nd period - Shot Misses the Net.
16:51 of 2nd period - Slapshot by Anton Lindholm.
16:51 of 2nd period - Deflect By Kyle Rau.
16:51 of 2nd period - Shot Blocked by Christian Folin.
16:51 of 2nd period - Puck is out of play.
16:52 of 2nd period - Martin Hanzal wins face-off versus Tanner Pearson in Inferno zone.
17:23 of 2nd period - Snap shot by Sean Monahan.
17:23 of 2nd period - Deflect By Sergei Plotnikov.
17:23 of 2nd period - Shot Misses the Net.
17:23 of 2nd period - Puck is out of play.
17:24 of 2nd period - Sean Monahan wins face-off versus Philip Varone in Inferno zone.
17:25 of 2nd period - Snap shot by Benn Ferriero.
17:25 of 2nd period - Stopped by Michael Hutchinson with a rebound.
17:31 of 2nd period - Sean Monahan is hit by Philip Varone and loses puck.
17:50 of 2nd period - Bryan Rust is hit by Michael Stone and loses puck.
18:09 of 2nd period - Minor Penalty to Anders Lee for Interference.
18:10 of 2nd period - Martin Hanzal wins face-off versus Philip Varone in Inferno zone.
19:46 of 2nd period - Snap shot by Michael Stone.
19:46 of 2nd period - Shot Blocked by Christian Folin.
19:48 of 2nd period - Wrist shot by Benn Ferriero.
19:48 of 2nd period - Stopped by Michael Hutchinson without a rebound.
19:49 of 2nd period - Sean Monahan wins face-off versus Ryan Spooner in Inferno zone.
Goals for this period are 1 for Wolfes vs 2 for Inferno.
Shots for this period are 15 for Wolfes vs 7 for Inferno.

3rd period


0:01 of 3rd period - Philip Varone wins face-off versus Martin Hanzal in neutral zone.
0:04 of 3rd period - Jamie Oleksiak is hit by Philip Varone.
0:09 of 3rd period - Penalty to Anders Lee is over, Anders Lee is back on ice.
0:14 of 3rd period - Snap shot by Martin Hanzal.
0:14 of 3rd period - Stopped by Michael Hutchinson with a rebound.
0:49 of 3rd period - Esa Lindell is hit by Charles-Olivier Roussel and loses puck.
1:04 of 3rd period - Minor Penalty to Esa Lindell for High sticking.
1:05 of 3rd period - Martin Hanzal wins face-off versus Philip Varone in Inferno zone.
1:12 of 3rd period - Snap shot by Blake Pietila.
1:12 of 3rd period - Goal by Blake Pietila - Wolfes : 6 - Inferno : 4.
1:13 of 3rd period - Anders Lee wins face-off versus Martin Hanzal in neutral zone.
1:22 of 3rd period - Snap shot by Tanner Pearson.
1:22 of 3rd period - Stopped by Laurent Brossoit with a rebound.
1:24 of 3rd period - Slapshot by David Savard.
1:24 of 3rd period - Stopped by Laurent Brossoit without a rebound.
1:25 of 3rd period - Martin Hanzal wins face-off versus Anders Lee in Wolfes zone.
1:30 of 3rd period - Snap shot by Jamie Oleksiak.
1:30 of 3rd period - Stopped by Michael Hutchinson without a rebound.
1:31 of 3rd period - Anders Lee wins face-off versus Martin Hanzal in Inferno zone.
2:11 of 3rd period - Wrist shot by Martin Hanzal.
2:11 of 3rd period - Shot Misses the Net.
2:13 of 3rd period - Snap shot by Jamie Oleksiak.
2:13 of 3rd period - Shot Blocked by David Savard.
2:15 of 3rd period - Snap shot by Martin Hanzal.
2:15 of 3rd period - Stopped by Michael Hutchinson without a rebound.
2:16 of 3rd period - Philip Varone wins face-off versus Sean Monahan in Inferno zone.
2:18 of 3rd period - Minor Penalty to Christian Folin for Holding.
2:19 of 3rd period - Philip Varone wins face-off versus Sean Monahan in Inferno zone.
2:19 of 3rd period - Philip Varone is hit by Jamie Oleksiak.
2:42 of 3rd period - Minor Penalty to Sean Monahan for Hooking.
2:43 of 3rd period - Anders Lee wins face-off versus Martin Hanzal in Wolfes zone.
2:44 of 3rd period - Snap shot by Bryan Rust.
2:44 of 3rd period - Shot Blocked by Jamie Oleksiak.
2:50 of 3rd period - David Savard is hit by Martin Hanzal and loses puck.
2:55 of 3rd period - Snap shot by Martin Hanzal.
2:55 of 3rd period - Shot Blocked by Anders Lee.
3:26 of 3rd period - Wrist shot by Philip Varone.
3:26 of 3rd period - Shot Misses the Net.
3:28 of 3rd period - Wrist shot by Philip Varone.
3:28 of 3rd period - Stopped by Laurent Brossoit without a rebound.
3:29 of 3rd period - Philip Varone wins face-off versus Nicolas Deschamps in Wolfes zone.
3:30 of 3rd period - Backhand shot by Matt Kassian.
3:30 of 3rd period - Stopped by Laurent Brossoit with a rebound.
3:32 of 3rd period - Snap shot by Philip Varone.
3:32 of 3rd period - Stopped by Laurent Brossoit with a rebound.
3:34 of 3rd period - Slapshot by Colby Robak.
3:34 of 3rd period - Stopped by Laurent Brossoit with a rebound.
3:36 of 3rd period - Snap shot by Philip Varone.
3:36 of 3rd period - Stopped by Laurent Brossoit without a rebound.
3:37 of 3rd period - Anders Lee wins face-off versus Martin Hanzal in Wolfes zone.
3:46 of 3rd period - Wrist shot by Anders Lee.
3:46 of 3rd period - Shot Blocked by Jamie Oleksiak.
3:48 of 3rd period - Snap shot by Bryan Rust.
3:48 of 3rd period - Deflect By Anders Lee.
3:48 of 3rd period - Stopped by Laurent Brossoit with a rebound.
3:50 of 3rd period - Snap shot by Anders Lee.
3:50 of 3rd period - Stopped by Laurent Brossoit with a rebound.
3:52 of 3rd period - Slapshot by Bryan Rust.
3:52 of 3rd period - Shot Blocked by Michael Stone.
4:14 of 3rd period - Wrist shot by Charles-Olivier Roussel.
4:14 of 3rd period - Shot Misses the Net.
4:18 of 3rd period - Penalty to Christian Folin is over, Christian Folin is back on ice.
4:28 of 3rd period - Slapshot by Esa Lindell.
4:28 of 3rd period - Stopped by Laurent Brossoit with a rebound.
4:30 of 3rd period - Slapshot by Esa Lindell.
4:30 of 3rd period - Stopped by Laurent Brossoit with a rebound.
4:32 of 3rd period - Wrist shot by Anders Lee.
4:32 of 3rd period - Stopped by Laurent Brossoit with a rebound.
4:34 of 3rd period - Slapshot by David Savard.
4:34 of 3rd period - Goal by David Savard - Wolfes : 6 - Inferno : 5.
4:35 of 3rd period - Philip Varone wins face-off versus Blake Pietila in neutral zone.
4:52 of 3rd period - Wrist shot by Blake Pietila.
4:52 of 3rd period - Stopped by Michael Hutchinson with a rebound.
5:02 of 3rd period - Esa Lindell is hit by Jamie Oleksiak and loses puck.
5:09 of 3rd period - Zachary Sanford is hit by Philip Varone and loses puck.
5:57 of 3rd period - Wrist shot by Sean Monahan.
5:57 of 3rd period - Stopped by Michael Hutchinson with a rebound.
5:59 of 3rd period - Slapshot by Charles-Olivier Roussel.
5:59 of 3rd period - Deflect By Sergei Plotnikov.
5:59 of 3rd period - Shot Blocked by Greg Pateryn.
5:59 of 3rd period - Puck is out of play.
6:00 of 3rd period - Bryan Rust wins face-off versus Martin Hanzal in Inferno zone.
6:02 of 3rd period - Minor Penalty to Tanner Pearson for Roughing.
6:03 of 3rd period - Philip Varone wins face-off versus Martin Hanzal in Inferno zone.
6:13 of 3rd period - Christian Folin is hit by Alexandre Grenier and loses puck.
6:30 of 3rd period - Bryan Rust is hit by Benn Ferriero and loses puck.
7:02 of 3rd period - Minor Penalty to Charles-Olivier Roussel for Holding.
7:03 of 3rd period - Martin Hanzal wins face-off versus Anders Lee in Wolfes zone.
7:09 of 3rd period - Snap shot by Martin Hanzal.
7:09 of 3rd period - Shot Misses the Net.
7:11 of 3rd period - Snap shot by Jamie Oleksiak.
7:11 of 3rd period - Shot Misses the Net.
7:13 of 3rd period - Slapshot by Jamie Oleksiak.
7:13 of 3rd period - Stopped by Michael Hutchinson with a rebound.
7:15 of 3rd period - Slapshot by Jamie Oleksiak.
7:15 of 3rd period - Shot Blocked by Esa Lindell.
8:02 of 3rd period - Penalty to Tanner Pearson is over, Tanner Pearson is back on ice.
8:13 of 3rd period - Slapshot by Christian Folin.
8:13 of 3rd period - Stopped by Laurent Brossoit without a rebound.
8:14 of 3rd period - Victor Rask wins face-off versus Victor Olofsson in Wolfes zone.
8:15 of 3rd period - Slapshot by Esa Lindell.
8:15 of 3rd period - Goal by Esa Lindell - Wolfes : 6 - Inferno : 6.
8:16 of 3rd period - Martin Hanzal wins face-off versus Anders Lee in neutral zone.
8:19 of 3rd period - Esa Lindell is hit by Martin Hanzal and loses puck.
8:28 of 3rd period - Wrist shot by Alexandre Grenier.
8:28 of 3rd period - Shot Blocked by Esa Lindell.
8:30 of 3rd period - Snap shot by Blake Pietila.
8:30 of 3rd period - Goal by Blake Pietila - Wolfes : 7 - Inferno : 6.
8:31 of 3rd period - Anders Lee wins face-off versus Martin Hanzal in neutral zone.
8:57 of 3rd period - Sergei Plotnikov is hit by Matt Kassian.
9:05 of 3rd period - Snap shot by Philip Varone.
9:05 of 3rd period - Shot Blocked by Michael Stone.
9:17 of 3rd period - Snap shot by Zachary Sanford.
9:17 of 3rd period - Shot Misses the Net.
9:19 of 3rd period - Snap shot by Kyle Rau.
9:19 of 3rd period - Stopped by Michael Hutchinson with a rebound.
9:21 of 3rd period - Slapshot by Jamie Oleksiak.
9:21 of 3rd period - Stopped by Michael Hutchinson without a rebound.
9:22 of 3rd period - Kyle Rau wins face-off versus Anders Lee in Inferno zone.
9:31 of 3rd period - Snap shot by Anders Lee.
9:31 of 3rd period - Stopped by Laurent Brossoit without a rebound.
9:32 of 3rd period - Anders Lee wins face-off versus Martin Hanzal in Wolfes zone.
9:41 of 3rd period - Backhand shot by Tanner Pearson.
9:41 of 3rd period - Stopped by Laurent Brossoit without a rebound.
9:42 of 3rd period - Bryan Rust wins face-off versus Martin Hanzal in Wolfes zone.
9:52 of 3rd period - Minor Penalty to Martin Hanzal for Roughing.
9:53 of 3rd period - Anders Lee wins face-off versus Victor Olofsson in Wolfes zone.
10:24 of 3rd period - Snap shot by Kevin Labanc.
10:24 of 3rd period - Shot Blocked by Klas Dahlbeck.
10:26 of 3rd period - Snap shot by David Savard.
10:26 of 3rd period - Deflect By Kevin Labanc.
10:26 of 3rd period - Shot Misses the Net.
10:26 of 3rd period - Puck is out of play.
10:27 of 3rd period - Scott Timmins wins face-off versus Tanner Pearson in Wolfes zone.
10:27 of 3rd period - Scott Timmins is hit by Oliver Bjorkstrand.
10:33 of 3rd period - Slapshot by Christian Folin.
10:33 of 3rd period - Stopped by Laurent Brossoit with a rebound.
10:39 of 3rd period - Slapshot by Tanner Pearson.
10:39 of 3rd period - Stopped by Laurent Brossoit with a rebound.
10:41 of 3rd period - Slapshot by Colby Robak.
10:41 of 3rd period - Shot Blocked by Charles-Olivier Roussel.
10:53 of 3rd period - Klas Dahlbeck is hit by Victor Rask and loses puck.
11:12 of 3rd period - Snap shot by Scott Timmins.
11:12 of 3rd period - Shot Blocked by Oliver Bjorkstrand.
11:52 of 3rd period - Penalty to Martin Hanzal is over, Martin Hanzal is back on ice.
12:13 of 3rd period - Slapshot by Michael Stone.
12:13 of 3rd period - Shot Misses the Net.
12:24 of 3rd period - Sergei Plotnikov is hit by Mathieu Brodeur and loses puck.
13:05 of 3rd period - Anders Lee is hit by Blake Pietila and loses puck.
14:12 of 3rd period - Snap shot by Blake Pietila.
14:12 of 3rd period - Stopped by Michael Hutchinson without a rebound.
14:13 of 3rd period - Martin Hanzal wins face-off versus Philip Varone in Inferno zone.
14:41 of 3rd period - Snap shot by Bryan Rust.
14:41 of 3rd period - Deflect By Anders Lee.
14:41 of 3rd period - Shot Blocked by Klas Dahlbeck.
14:41 of 3rd period - Puck is out of play.
14:42 of 3rd period - Sean Monahan wins face-off versus Anders Lee in Wolfes zone.
15:22 of 3rd period - Minor Penalty to Matthew Nieto for Slashing.
15:23 of 3rd period - Philip Varone wins face-off versus Martin Hanzal in Inferno zone.
15:38 of 3rd period - Colby Robak is hit by Martin Hanzal and loses puck.
16:32 of 3rd period - Icing by Sean Monahan.
16:33 of 3rd period - Anders Lee wins face-off versus Sean Monahan in Wolfes zone.
17:22 of 3rd period - Penalty to Matthew Nieto is over, Matthew Nieto is back on ice.
17:35 of 3rd period - Wrist shot by Matthew Nieto.
17:35 of 3rd period - Shot Misses the Net.
17:37 of 3rd period - Snap shot by Matthew Nieto.
17:37 of 3rd period - Shot Misses the Net.
19:22 of 3rd period - Snap shot by Martin Hanzal.
19:22 of 3rd period - Stopped by Michael Hutchinson with a rebound.
19:24 of 3rd period - Slapshot by Michael Stone.
19:24 of 3rd period - Stopped by Michael Hutchinson without a rebound.
19:25 of 3rd period - Dan Bylsma call a timeout for Inferno.
19:25 of 3rd period - Martin Hanzal wins face-off versus Anders Lee in Inferno zone.
19:34 of 3rd period - Inferno, Michael Hutchinson is pulled from the net.
19:44 of 3rd period - Wrist shot by Anders Lee.
19:44 of 3rd period - Shot Misses the Net.
19:46 of 3rd period - Snap shot by Anders Lee.
19:46 of 3rd period - Stopped by Laurent Brossoit with a rebound.
19:48 of 3rd period - Snap shot by Christian Folin.
19:48 of 3rd period - Deflect By Tanner Pearson.
19:48 of 3rd period - Deflect By Martin Hanzal.
19:48 of 3rd period - Stopped by Laurent Brossoit with a rebound.
19:50 of 3rd period - Slapshot by Tanner Pearson.
19:50 of 3rd period - Stopped by Laurent Brossoit with a rebound.
19:52 of 3rd period - Wrist shot by Christian Folin.
19:52 of 3rd period - Shot Blocked by Jamie Oleksiak.
Goals for this period are 2 for Wolfes vs 2 for Inferno.
Shots for this period are 13 for Wolfes vs 22 for Inferno.